 Dungeon Crawl Stone Soup version 0.28-a0-793-g31680bbd8b (webtiles) character file.

Game seed: 14252055163798027195

2608 spiderkeys the Covered (level 9, -10/56 HPs)
             Began as a Tengu Abyssal Knight on Nov 4, 2021.
             Was an Elder of Lugonu.
             Mangled by a manticore (18 damage)
             ... on level 7 of the Dungeon.
             The game lasted 00:09:26 (6857 turns).

spiderkeys the Covered (Tengu Abyssal Knight)       Turns: 6857, Time: 00:09:27

Health: -10/56     AC: 14    Str: 25    XL:     9   Next: 59%
Magic:  14/14      EV: 12    Int: 16    God:    Lugonu [****..]
Gold:   440        SH: 10    Dex: 16    Spells: 8/8 levels left

rFire   + + .      SeeInvis +   f - +2 broad axe "Elog" {protect, +Blink Str+7}
rCold   + . .      Faith    .   p - +0 kite shield
rNeg    . . .      Spirit   .   y - +0 leather armour {rF+}
rPois   +          Reflect  .   (helmet restricted)
rElec   +          Harm     .   a - +0 cloak
rCorr   +          Rampage  .   h - +1 pair of gloves
Will    .....                   (boots unavailable)
Stlth   +.........              (no amulet)
HPRegen 0.18/turn               I - +6 ring of intelligence
MPRegen 0.14/turn               v - ring of see invisible

@: resistant, under a protective aura, flying quickly and evasively, unable to
read, quick
A: beak, talons 3, nimble flight, strong 1, inability to read while threatened,
sturdy frame 1
a: Renounce Religion, Evoke Blink, Depart the Abyss, Bend Space, Banish, Corrupt


You were on level 7 of the Dungeon.
You worshipped Lugonu.
Lugonu was greatly pleased with you.
You visited 1 branch of the dungeon, and saw 7 of its levels.
You visited the Abyss 1 time.
You also visited: Ossuary.

You collected 440 gold pieces.


Innate Abilities, Weirdness & Mutations

You have a beak for a mouth.
You have claws for feet.
Your magical nature lets you fly swiftly and evasively.
Your muscles are strong. (Str +2)
You sometimes lose the ability to read scrolls when taking damage.
Your movements are slightly less encumbered by armour. (ER -2)


   Skills:
 + Level 6.4 Fighting
 + Level 6.2(6.4) Axes
 - Level 2.1(4.5) Polearms
 + Level 6.5 Armour
 - Level 2.0 Dodging
 + Level 5.1 Shields
 + Level 5.5 Invocations


You had 8 spell levels left.
You didn't know any spells.
Your spell library contained the following spells:

 Spells                   Type           Power      Damage    Failure   Level
 Sandblast                Erth           0%         2d4       67%         1
 Shock                    Conj/Air       0%         1d3       67%         1
 Passwall                 Tmut/Erth      0%         N/A       80%         2
 Sublimation of Blood     Necr           0%         N/A       80%         2
 Gell's Gravitas          Tloc           0%         N/A       95%         3
 Stone Arrow              Conj/Erth      0%         3d7       95%         3
 Swiftness                Air            0%         N/A       95%         3
 Teleport Other           Tloc           0%         N/A       95%         3
 Airstrike                Air            0%         N/A       100%        4
 Petrify                  Tmut/Erth      0%         N/A       100%        4
 Irradiate                Conj/Tmut      0%         3d14      100%        5
 Dispersal                Tloc           0%         N/A       100%        6

Inventory:

Hand Weapons
 f - the +2 broad axe "Elog" (weapon) {protect, +Blink Str+7}
   (You found it on level 3 of the Abyss)

   It grants its wielder temporary protection when it strikes (+7 to AC).
   Str:       It affects your strength (+7).
   +Blink:    It lets you blink.
Missiles
 d - 4 boomerangs of dispersal {=f!f}
 j - 131 stones
 k - 18 poisoned darts
 q - 71 arrows
 r - 55 sling bullets
Armour
 a - a +0 cloak (worn)
   (You took it off Crazy Yiuf on level 6 of the Dungeon)
 h - a +1 pair of gloves (worn)
   (You found it on level 1 of the Dungeon)
 n - a scarf of invisibility
   (You found it on level 2 of the Dungeon)
 p - a +0 kite shield (worn)
   (You found it on level 2 of the Dungeon)
 y - a +0 leather armour of fire resistance (worn)
   (You took it off an orc on level 6 of the Dungeon)
Jewellery
 i - a +6 ring of intelligence
   (You found it on level 5 of the Dungeon)
 v - a ring of see invisible (right hand)
   (You found it on level 4 of the Dungeon)
 I - a +6 ring of intelligence (left hand)
   (You found it on level 2 of the Dungeon)
 Z - a ring of wizardry
   (You found it on level 2 of the Dungeon)
Wands
 x - a wand of flame (17)
   (You found it on level 5 of the Dungeon)
Scrolls
 c - a scroll of magic mapping {!r}
 g - 2 scrolls of fear
 l - 4 scrolls of teleportation {@r4}
 G - a scroll of torment {!r}
Potions
 e - 2 potions of attraction {!q}
 m - a potion of invisibility
 o - a potion of brilliance
 t - 2 potions of curing {@q1}
 w - a potion of resistance
 z - 2 potions of flight {unknown}
 A - a potion of berserk rage {unknown}
 B - 3 potions of mutation {!q}
 C - a potion of magic {unknown}
 D - a potion of heal wounds {unknown}
 E - 3 potions of might
 F - a potion of lignification {unknown}

Dungeon Overview and Level Annotations

Branches:
Dungeon (7/15)             Temple (0/1) D:5         Ossuary (visited)

Altars:
Elyvilon
Gozag
Nemelex Xobeh
Qazlal
Zin

Shops:
D:4 :

Portals:
Abyss: D:4

Annotations:
D:4 2 transporters, AlleluiaPinecone's ghost, amateur GnWn

####.#.#####
............
####.##..### .
............ ..
####.####...###
...
#.#........###
..#. #)#.#
#....## ....#
####.#.#
#.##..#......
...#.#.#
#.###@HJ.....
#.##.#.#####.#
###...###
...#.#.#.....#
.###
#....#.#.##### #
#...<#.#.#
######.#.#
.........#
######.#########
#..[.......


You could see a manticore and a jelly.


Message History

Okay, then.
a - a +0 cloak You start removing your armour.
You continue taking off your scarf of invisibility. x4
You finish taking off your scarf of invisibility.
You start putting on your armour.
You continue putting on your +0 cloak. x5
You finish putting on your +0 cloak. 😕 HP[+2]
You regained 2 hp, and now have 46/56 hp.
Key pressed, stopping explore.
You feel a little less agile now.
Key pressed, stopping explore.
Done exploring. 😎 HP[+10]
Your hp is fully restored (56).
Autopickup is now off.
Autopickup is now on.
Done exploring.
Done exploring.
Done exploring.
Done exploring.
Done exploring.
Done exploring.
Key pressed, stopping explore.
Done exploring.
Done exploring.
Done exploring.
There is an open translucent door, spattered with blood here.
You see here a +0 mace.
You see here a +0 mace.
You see here a +0 mace.
You see here a +0 mace.
You see here a +0 mace.
You see here a +0 mace.
You see here a +0 dagger.
There is a stone staircase leading down here.
You fly downwards.
There is a stone staircase leading up here.
An orc comes into view. It is wielding a +0 flail.
The orc shouts!
Found a stone staircase leading up.
The orc misses you.
You completely miss the orc. You claw the orc!
You kill the orc!
Lugonu accepts your kill.
No target in view!
No target in view!
Things that are here:
a +0 flail; an orc corpse Key pressed, stopping explore.
You see here a +0 ring mail.
Key pressed, stopping explore.
A manticore and a jelly come into view.
The manticore flicks its tail.
The volley of spikes hits you!
The barbed spikes become lodged in your body. 😕 HP[-10]
You take 10 damage, and now have 46/56 hp.
Okay, then.
Aiming: Throw Flame
Press: ? - help, Shift-Dir - straight line, f - manticore
Aim: a manticore (81% to hit)
The puff of flame hits the manticore.
Aiming: Throw Flame
Press: ? - help, Shift-Dir - straight line, f/p - manticore
Aim: a manticore (lightly wounded, 81% to hit)
The puff of flame hits the manticore.
You slash the manticore!
Your weapon exudes an aura of protection.
You claw the manticore, but do no damage.
The manticore bites you! The manticore barely misses you.
You block the manticore's attack. 😮 HP[-15]
You take 15 damage, and now have 31/56 hp.
MASSIVE DAMAGE!! (PAUSE)
You slash the manticore! You claw the manticore!
You carefully extract the barbed spikes from your body.
You block the manticore's attack. The manticore closely misses you.
The manticore claws you but does no damage.
The manticore bites you!
* * * LOW HITPOINT WARNING * * *
The manticore claws you but does no damage.
The manticore barely misses you. 😨 HP[-16]
You take 16 damage, and now have 15/56 hp.
MASSIVE DAMAGE!! (PAUSE) It was a potion of mutation.
You feel extremely strange.
You lose the ability to read scrolls when threatened.
You feel stronger.
You feel less encumbered by your armour.
The manticore barely misses you.
The manticore claws you but does no damage.
The manticore claws you!
You feel threatened and lose the ability to read scrolls!
* * * LOW HITPOINT WARNING * * *
😱 HP[-7]
You take 7 damage, and now have 8/56 hp.
It was a potion of resistance.
You feel protected. The manticore bites you!!
You die...

Skill      XL: |  1  2  3  4  5  6  7  8  9 |
---------------+----------------------------+-----
Axes           | 1 2 3 4 5 6 |  6.2
Invocations    | 2 3 4 5 |  5.5
Dodging        | 2 |  2.0
Armour         | 3 4 5 6 |  6.5
Shields        | 1 2 3 4 5 |  5.1
Fighting       | 4 5 6 |  6.4
Polearms       | |  2.1

Action                   |  1- 3 |  4- 6 |  7- 9 || total
-------------------------+-------+-------+-------++-------
Melee: Broad axe         |    55 |    48 |   239 ||   342
       Kick              |    12 |    17 |   101 ||   130
       Peck              |     6 |     9 |    59 ||    74
Invok: Depart the Abyss  |     1 |       |       ||     1
Evoke: Wand              |       |       |     2 ||     2
  Use: Scroll            |     2 |     3 |     9 ||    14
       Potion            |       |     2 |     2 ||     4
 Stab: Sleeping          |       |       |     1 ||     1
Armor: Leather armour    |    22 |    13 |    78 ||   113
Dodge: Dodged            |    43 |    26 |   168 ||   237
Block: Kite shield       |       |       |     6 ||     6

Levels and vault maps discovered:
D:1:      elethiomel_arrival_infinity_welcomes_careful_drivers,
          layout_loops_ring, basic_ecumenical_altar
D:2:      layout_rooms, uniq_natasha
D:3:      layout_loops_cross, zin_academy, gammafunk_temple_overflow_elements,
          minmay_hedge_maze, uniq_grinder, uniq_sigmund
D:4:      layout_basic, gammafunk_ghost_abyssal_escape, serial_shops,
          nicolae_inconvenience_store, kennysheep_generic_room_6
D:5:      layout_basic, temple_doors_e
D:6:      minmay_chambers_of_fours, layout_basic,
          grunt_temple_overflow_opulence, chequers_ossuary_entry_cave,
          uniq_crazy_yiuf_cottage
D:7:      wad_river_or_something, layout_basic

Notes
Turn   | Place    | Note
-------+----------+-------------------------------------------
     0 | Abyss:1  | spiderkeys the Tengu Abyssal Knight began the quest for the
                  | Orb.
     0 | Abyss:1  | Reached XP level 1. HP: 14/14 MP: 3/3
     0 | Abyss:1  | magus.rc [v1.9.10]
   171 | Abyss:3  | Identified the +2 broad axe "Elog" {protect, +Blink Str+7}
   199 | Abyss:3  | Noticed a smoke demon
   201 | D:1      | You pass through the gate.
   201 | D:1      | Escaped the Abyss
   308 | D:1      | Reached XP level 2. HP: 14/19 MP: 4/4
   434 | D:1      | Reached * piety under Lugonu
   554 | D:1      | Reached skill level 1 in Axes
   627 | D:1      | Reached skill level 2 in Invocations
   627 | D:1      | Reached XP level 3. HP: 23/23 MP: 5/5
   729 | D:1      | Found a faded altar of an unknown god.
  1211 | D:2      | Reached skill level 2 in Dodging
  1294 | D:2      | Reached XP level 4. HP: 25/28 MP: 6/6
  1454 | D:2      | Reached skill level 2 in Axes
  1617 | D:2      | You pick up a book of Alchemy and begin reading...
  1617 | D:2      | You add the spells Sublimation of Blood, Petrify and
                  | Irradiate to your library.
  1630 | D:2      | Noticed Natasha
  1635 | D:2      | Killed Natasha
  1636 | D:2      | Gained mutation: Your magical nature lets you fly swiftly
                  | and evasively. [Tengu growth]
  1636 | D:2      | Reached XP level 5. HP: 32/33 MP: 7/7
  1760 | D:2      | Noticed Natasha
  1764 | D:2      | Killed Natasha
  1765 | D:2      | Reached skill level 3 in Armour
  1809 | D:2      | Noticed Natasha
  1814 | D:2      | Killed Natasha
  1898 | D:3      | Reached ** piety under Lugonu
  1899 | D:3      | Reached skill level 1 in Shields
  1997 | D:3      | Noticed Grinder
  2012 | D:3      | Killed Grinder
  2013 | D:3      | Reached skill level 4 in Fighting
  2013 | D:3      | Reached skill level 3 in Axes
  2013 | D:3      | Reached skill level 3 in Invocations
  2013 | D:3      | Reached XP level 6. HP: 23/38 MP: 9/9
  2238 | D:3      | Noticed Sigmund
  2257 | D:3      | Killed Sigmund
  2258 | D:3      | Reached skill level 4 in Armour
  2258 | D:3      | Reached skill level 2 in Shields
  2258 | D:3      | Reached XP level 7. HP: 24/44 MP: 10/10
  2597 | D:3      | Found a glowing silver altar of Zin.
  2803 | D:3      | Found a white marble altar of Elyvilon.
  2803 | D:3      | Found a stormy altar of Qazlal.
  2938 | D:4      | Found a transporter.
  3273 | D:4      | Reached skill level 4 in Axes
  3443 | D:4      | Reached skill level 5 in Fighting
  3443 | D:4      | Reached skill level 3 in Shields
  3443 | D:4      | Reached skill level 4 in Invocations
  3443 | D:4      | Reached XP level 8. HP: 47/49 MP: 10/12
  3515 | D:4      | Noticed AlleluiaPinecone's ghost (amateur GnWn)
  3623 | D:4      | Found a one-way gate to the infinite horrors of the Abyss.
  3674 | D:4      | Reached skill level 5 in Armour
  3745 | D:4      | Found a transporter.
  3817 | D:4      | Found Owaostraph's Book Emporium.
  3942 | D:5      | Entered Level 5 of the Dungeon
  4082 | D:5      | You add the spells Gell's Gravitas, Teleport Other and
                  | Dispersal to your library.
  4132 | D:5      | Found a staircase to the Ecumenical Temple.
  4299 | D:5      | Reached skill level 5 in Axes
  4310 | D:5      | Reached *** piety under Lugonu
  4430 | D:5      | Reached skill level 4 in Shields
  5005 | D:6      | Reached XP level 9. HP: 38/55 MP: 13/13
  5204 | D:6      | You pick up a book of Air and begin reading...
  5204 | D:6      | You add the spells Shock, Swiftness and Airstrike to your
                  | library.
  5211 | D:6      | Found a sand-covered staircase.
  5218 | Ossuary  | Entered an ossuary
  5307 | Ossuary  | Reached skill level 5 in Invocations
  5697 | D:6      | Reached skill level 6 in Fighting
  5724 | D:6      | Reached skill level 6 in Armour
  5933 | D:6      | Found a sparkling altar of Nemelex Xobeh.
  5933 | D:6      | Found an opulent altar of Gozag.
  5970 | D:6      | You pick up a book of Geomancy and begin reading...
  5970 | D:6      | You add the spells Sandblast, Passwall and Stone Arrow to
                  | your library.
  6110 | D:6      | Found a runed translucent door.
  6111 | D:6      | Noticed Crazy Yiuf
  6233 | D:6      | Reached skill level 6 in Axes
  6249 | D:6      | Reached skill level 5 in Shields
  6266 | D:6      | Reached **** piety under Lugonu
  6658 | D:6      | Killed Crazy Yiuf
  6851 | D:7      | Noticed a manticore
  6856 | D:7      | Gained mutation: You sometimes lose the ability to read
                  | scrolls when taking damage. [potion of mutation]
  6856 | D:7      | Gained mutation: Your muscles are strong. (Str +2) [potion
                  | of mutation]
  6856 | D:7      | Gained mutation: Your movements are slightly less
                  | encumbered by armour. (ER -2) [potion of mutation]
  6856 | D:7      | HP: 8/56 [manticore (7)]
  6857 | D:7      | Mangled by a manticore

Vanquished Creatures
  Grinder (D:3)
  Sigmund (D:3)
  2 water moccasins (D:6)
  A black bear (D:5)
  A sky beast (D:5)
  3 ogres
  A necrophage (D:4)
  2 centaurs (D:6)
  A phantom (D:4)
  A kobold brigand (D:6)
  A water moccasin skeleton (D:6)
  2 howler monkeys
  4 jellies
  6 hounds
  An orc priest (D:4)
  A bullfrog zombie (D:6)
  Crazy Yiuf (D:6)
  6 iguanas
  2 bullfrog skeletons
  3 orc wizards
  Natasha (thrice) (D:2)
  A killer bee zombie (D:6)
  8 mummies (Ossuary)
  A howler monkey zombie (D:6)
  7 adders
  A gnoll (D:1)
  3 ufetubi
  An adder skeleton (D:4)
  4 worms
  5 dart slugs
  16 orcs
  6 endoplasms
  2 giant cockroaches (D:1)
  A gnoll zombie (Ossuary)
  8 hobgoblins
  4 jackals (D:2)
  4 quokkas
  5 ball pythons
  6 bats
  4 frilled lizards
  8 goblins
  2 hobgoblin zombies (Ossuary)
  8 kobolds
  3 kobold zombies (Ossuary)
  2 orc zombies (Ossuary)
  5 rats
  A bush (D:3)
160 creatures vanquished.

Vanquished Creatures (others)
  A bush (D:3)
1 creature vanquished.

Grand Total: 161 creatures vanquished

Table legend:
 A = Non-vault XP
 B = Vault XP
 C = Vault XP percentage of total XP
 D = Non-vault monster count
 E = Vault monster count
 F = Vault count percentage of total count
                 A         B        C        D         E       F
            +---------+---------+-------+---------+---------+-------
      Total |    2450 |    1276 |  34.2 |     129 |      30 |  18.9
            +---------+---------+-------+---------+---------+-------
        D:1 |      54 |       0 |   0.0 |      25 |       0 |   0.0
        D:2 |     172 |      35 |  16.9 |      24 |       1 |   4.0
        D:3 |      39 |     492 |  92.7 |      15 |       2 |  11.8
        D:4 |     702 |     180 |  20.4 |      29 |       4 |  12.1
        D:5 |     529 |       0 |   0.0 |      17 |       0 |   0.0
        D:6 |     951 |     413 |  30.3 |      18 |       7 |  28.0
        D:7 |       3 |       0 |   0.0 |       1 |       0 |   0.0
    Ossuary |       0 |     156 | 100.0 |       0 |      16 | 100.0
            +---------+---------+-------+---------+---------+-------

Illustrated notes

Table legend:
 A = Kills in this place as a percentage of kills in entire the game.
 B = Kills by you in this place as a percentage of kills by you in the entire game.
 C = Kills by friends in this place as a percentage of kills by friends in the entire game.
 D = Other kills in this place as a percentage of other kills in the entire game.
 E = Experience gained in this place as a percentage of experience gained in the entire game.
 F = Experience gained in this place divided by the number of levels of this place that you have seen.
                   A       B       C       D       E      F
               +-------+-------+-------+-------+-------+----------------------
         Total | 100.0 | 100.0 |   N/A |   N/A | 100.0 | 338.7
       Dungeon |  89.9 |  89.9 |   N/A |   N/A |  95.8 | 510.0
       Ossuary |  10.1 |  10.1 |   N/A |   N/A |   4.2 | 156.0
               +-------+-------+-------+-------+-------+----------------------

Table legend: (Time is in decaauts)
 A = Elapsed time spent in this place.
 B = Non-inter-level travel time spent in this place.
 C = Inter-level travel time spent in this place.
 D = Time resting spent in this place.
 E = Time spent auto-exploring this place.
 F = Levels seen in this place.
 G = Mean time per level.
                   A        B        C        D        E       F      G
               +--------+--------+--------+--------+--------+-----+--------+
         Total |   6697 |   6590 |    107 |    460 |   4949 |  11 |  608.8 |
       Dungeon |   6055 |   5948 |    107 |    253 |   4702 |   7 |  865.0 |
         Abyss |    202 |    202 |      0 |      0 |    101 |   3 |   67.3 |
       Ossuary |    439 |    439 |      0 |    207 |    146 |   1 |  439.0 |
               +--------+--------+--------+--------+--------+-----+--------+

Top non-repeatable levels by time:
     D:6: 1300 daAuts
     D:3: 1017 daAuts
     D:1: 1004 daAuts
     D:5: 998 daAuts
     D:4: 993 daAuts
     D:2: 675 daAuts
 Ossuary: 439 daAuts
 Abyss:1: 116 daAuts
     D:7: 65 daAuts
 Abyss:2: 46 daAuts
 Abyss:3: 40 daAuts
